 Dungeon Crawl Stone Soup version 0.21.1-1-g345015fe64 (webtiles) character file.

33987 Jyngge the Fighter (level 13, 0/119 HPs)
             Began as a Minotaur Fighter on June 21, 2018.
             Was a High Priest of Trog.
             Killed from afar by a rime drake (4 damage)
             ... with a flash freeze
             ... on level 4 of the Lair of Beasts on June 22, 2018.
             The game lasted 01:59:38 (19734 turns).

Jyngge the Fighter (Minotaur Fighter)              Turns: 19734, Time: 01:59:39

Health: 0/119      AC: 17    Str: 27    XL:     13   Next: 39%
Magic:  13/13      EV:  7    Int:  5    God:    Trog [*****.]
Gold:   770        SH:  0    Dex: 14    Spells: 12/12 levels left

rFire    . . .     SeeInvis +   G - +8 flail "Pughuef" {drain, rElec rPois MR- Dex+5}
rCold    . . .     Gourm    .   c - +1 shield
rNeg     + + .     Faith    .   E - +0 scale mail of Gojofrykk {rElec rN++ MR-}
rPois    +         Spirit   .   (helmet restricted)
rElec    +         Reflect  .   h - +1 cloak
rCorr    .         Harm     .   (no gloves)
MR       .....                  F - +1 pair of boots
Stlth    ..........             (no amulet)
HPRegen  0.29/turn              o - ring of see invisible
MPRegen  0.13/turn              R - +3 ring of protection

@: petrifying, very slow
A: retaliatory headbutt, horns 2
a: Berserk, Trog's Hand, Brothers in Arms, Burn Spellbooks, Renounce Religion


You were on level 4 of the Lair of Beasts.
You worshipped Trog.
Trog was extremely pleased with you.
You were not hungry.

You visited 3 branches of the dungeon, and saw 16 of its levels.
You also visited: Ice Cave.

You collected 770 gold pieces.

Inventory:

Hand Weapons
 a - a +1 war axe
 D - a +1 flail of holy wrath
 G - the +8 flail "Pughuef" (weapon) {drain, rElec rPois MR- Dex+5}
   (You found it on level 8 of the Dungeon)

   A truly terrible weapon, it drains the life of those it strikes.
   It affects your dexterity (+5).
   It insulates you from electricity.
   It protects you from poison.
   It affects your resistance to hostile enchantments.
 J - the +6 spear of Recklessness {pierce, *Corrode *Drain Str+3 Dex+10, unknown}
   (You found it on level 9 of the Dungeon)

   It inflicts extra damage upon your enemies.
   It affects your strength (+3).
   It affects your dexterity (+10).
   It may corrode you when you take damage.
   It causes draining when unequipped.
 V - a +2 great sword of freezing
 X - a +1 demon blade of electrocution
 Z - a +2 demon blade of venom
Missiles
 q - 74 poisoned needles
 r - 89 bolts
 U - 4 javelins of penetration (quivered)
Armour
 c - a +1 shield (worn)
 h - a +1 cloak (worn)
 w - a +2 leather armour of poison resistance
 E - the +0 scale mail of Gojofrykk (worn) {rElec rN++ MR-}
   (You found it on level 5 of the Dungeon)

   It insulates you from electricity.
   It greatly protects you from negative energy.
   It affects your resistance to hostile enchantments.
 F - a +1 pair of boots (worn)
 Q - a +1 robe of resistance
Jewellery
 o - a ring of see invisible (left hand)
 I - a +4 ring of evasion
 O - an uncursed ring of resist corrosion
 R - a +3 ring of protection (right hand)
Wands
 M - a wand of paralysis (11)
 T - a wand of iceblast (8)
Scrolls
 b - 2 scrolls of enchant weapon
 e - 14 scrolls of remove curse
 i - 2 scrolls of enchant armour
 j - 2 scrolls of noise
 k - 6 scrolls of identify
 m - 3 scrolls of teleportation
 n - a scroll of immolation
 p - a scroll of amnesia
 v - 4 scrolls of fear
 x - a scroll of acquirement {unknown}
 y - 4 scrolls of magic mapping {unknown}
 B - a scroll of summoning {unknown}
 L - 4 scrolls of fog
 S - a scroll of vulnerability {unknown}
 W - 2 scrolls of blinking {unknown}
Potions
 d - a potion of might
 g - 3 potions of lignification
 l - a potion of heal wounds
 s - 3 potions of curing
 t - 5 potions of degeneration
 u - 2 potions of berserk rage
 z - a potion of flight {unknown}
 A - a potion of mutation {unknown}
 C - a potion of brilliance {unknown}
 H - 2 potions of haste
 K - 2 potions of invisibility
 N - 3 potions of agility {unknown}
Books
 P - a book of Conjurations

   Spells                             Type                      Level
   a - Magic Dart                     Conjuration                  1
   b - Searing Ray                    Conjuration                  2
   c - Dazzling Spray                 Conjuration/Hexes            3
   d - Fulminant Prism                Conjuration/Hexes            4
   e - Force Lance                    Conjuration/Translocation    4
   f - Iskenderun's Mystic Blast      Conjuration                  4
   Trog disapproves of the use of such an item.
Comestibles
 f - 30 rations
 Y - 18 chunks of flesh


   Skills:
 + Level 12.9 Fighting
 + Level 1.2 Long Blades
 - Level 11.0(13.2) Axes
 - Level 12.4(14.0) Maces & Flails
 + Level 12.7 Armour
 + Level 6.2 Dodging
 - Level 0.3 Stealth
 + Level 11.3 Shields
 * Level 2.2 Evocations


You had 12 spell levels left.
You didn't know any spells.

Dungeon Overview and Level Annotations

Branches:
Dungeon (11/15)            Temple (1/1) D:6            Lair (4/6) D:9
 Shoals (0/4) Lair:3       Spider (0/4) Lair:4          Orc (0/2) D:11

Altars:
Ashenzari
Cheibriados
Dithmenos
Elyvilon
Fedhas
Gozag
Hepliaklqana
Kikubaaqudgha
Makhleb
Nemelex Xobeh
Okawaru
Qazlal
Ru
Sif Muna
Trog
Uskayaw
Vehumet
Wu Jian
Xom
Yredelemnul
Zin
The Shining One

Shops:
D:6 :   D:9 }


Innate Abilities, Weirdness & Mutations

You reflexively headbutt those who attack you in melee.
You have a pair of horns on your head.


Message History

The flash freeze hits you!
* * * LOW HITPOINT WARNING * * *
You are encased in ice.
Unknown command.
Unknown command.
The ice encasing you melts away.
The wyvern is caught in a web!
A wyvern comes into view.
The wyvern hisses angrily.
The wyvern pulls away from the web.
The wyvern evades a web.
The wyvern is caught in a web!
The wyvern pulls away from the web.
The rime drake breathes ice at you. You block the flash freeze.
The basilisk gazes at you.
You are slowing down.
The rime drake breathes ice at you. The flash freeze hits you!
You die...

## #...# ... #.##.###
## ###. #.#'.###.#
#..P ##.......# #...
### #........### #...
+..####<........####..
#....##........##.##..
#....P.....^..#.###..
.#.@.....^.##.#.^...
#.......^...#^.#.#.
###.....##^.l#†#H#.
#....l..^#>#lk#^.
#####k...#.†h###.
##.l.##.^^.#.
#....##^..###
#.##......# #
########...#...##


You could see a basilisk, a rime drake and a wyvern.

Vanquished Creatures
  A reaper (IceCv)
  3 hydras
  2 two-headed ogres
  2 unseen horrors (D:11)
  An ugly thing (D:11)
  6 elephants (Lair:4)
  The ghost of gorpus the Slasher, a novice VSEE (D:6)
  A cyclops (D:11)
  A black mamba (Lair:2)
  2 ice statues (IceCv)
  4 rime drakes
  5 spiny frogs
  6 ice devils (IceCv)
  A troll (D:11)
  A jumping spider (Lair:4)
  A hornet (D:11)
  A polar bear (Lair:2)
  16 blink frogs
  13 hippogriffs
  9 wyverns
  A shadow (D:10)
  Eustachio (D:5)
  A spriggan (D:7)
  33 yaks
  2 basilisks (Lair:4)
  2 hungry ghosts
  Edmund (D:6)
  2 hell hounds (D:9)
  8 water moccasins
  6 porcupines
  Duvessa (D:6)
  The ghost of Evaline the Chucker, an amateur OgHu of Trog (D:3)
  2 ice beasts
  An orc warrior (D:8)
  5 sky beasts
  A phantom (D:5)
  8 ogres
  12 wolves
  4 centaurs
  3 crocodiles
  10 bullfrogs
  A gnoll sergeant (D:9)
  2 wyvern zombies
  Dowan (D:6)
  4 scorpions
  3 killer bees (D:11)
  A howler monkey (D:6)
  2 crimson imps
  7 hounds
  A bullfrog skeleton (D:10)
  4 orc priests
  2 jellies
  A gnoll shaman (D:9)
  5 iguanas
  4 worker ants
  2 hound zombies (D:8)
  A worker ant zombie (D:11)
  8 gnolls (D:9)
  7 adders
  A shadow imp (D:7)
  9 white imps (IceCv)
  7 ufetubi (IceCv)
  An adder zombie (D:6)
  An adder skeleton (D:4)
  A worm (D:2)
  3 dart slugs
  3 leopard geckos
  29 orcs
  4 giant cockroaches
  6 goblins
  10 hobgoblins
  18 jackals
  11 kobolds
  4 quokkas
  A ball python (D:2)
  8 bats
  7 frilled lizards
  A jackal zombie (D:5)
  A leopard gecko skeleton (D:6)
  4 rats
  2 fungi (Lair:3)
  2 plants
372 creatures vanquished.

Vanquished Creatures (others)
  3 white imps (IceCv)
  3 ufetubi (IceCv)
  6 fungi
  3 plants
15 creatures vanquished.

Grand Total: 387 creatures vanquished

Notes
Turn   | Place    | Note
-------+----------+-------------------------------------------
     0 | D:1      | Jyngge the Minotaur Fighter began the quest for the Orb.
     0 | D:1      | Reached XP level 1. HP: 19/19 MP: 0/0
    67 | D:1      | Reached XP level 2. HP: 27/27 MP: 1/1
   546 | D:1      | Reached XP level 3. HP: 33/33 MP: 2/2
  1016 | D:2      | Found a snail-covered altar of Cheibriados.
  1126 | D:2      | Found a bloodstained altar of Trog.
  1141 | D:2      | Became a worshipper of Trog the Wrathful
  1332 | D:2      | Reached XP level 4. HP: 37/40 MP: 3/3
  1559 | D:3      | Reached skill level 1 in Dodging
  1595 | D:3      | Reached XP level 5. HP: 41/47 MP: 4/4
  1771 | D:3      | Found a blossoming altar of Fedhas.
  1952 | D:3      | Reached * piety under Trog
  2068 | D:3      | Found an iron altar of Okawaru.
  2811 | D:3      | Noticed Evaline's ghost (amateur OgHu)
  2838 | D:3      | Killed Evaline's ghost
  2838 | D:3      | Reached skill level 5 in Axes
  2838 | D:3      | Reached skill level 5 in Armour
  2838 | D:3      | Reached skill level 5 in Shields
  2838 | D:3      | Reached XP level 6. HP: 52/53 MP: 5/5
  3137 | D:4      | Found a hazy altar of Hepliaklqana.
  3139 | D:4      | Found a shimmering altar of Xom.
  3139 | D:4      | Noticed a yak
  3140 | D:4      | Noticed a yak
  3140 | D:4      | Noticed a spectral ugly thing
  3437 | D:5      | Entered Level 5 of the Dungeon
  3541 | D:4      | Found a white marble altar of Elyvilon.
  3872 | D:4      | Found a glowing silver altar of Zin.
  3881 | D:4      | Found a basalt altar of Yredelemnul.
  4453 | D:5      | Reached skill level 5 in Fighting
  4512 | D:5      | Reached XP level 7. HP: 61/61 MP: 6/6
  4601 | D:5      | Got an ancient scale mail
  4613 | D:5      | Identified the cursed +0 scale mail of Gojofrykk {rElec rN++ MR-} (You found it on level 5 of the Dungeon)
  4696 | D:5      | Noticed Eustachio
  4971 | D:5      | Killed Eustachio
  5264 | D:5      | Reached XP level 8. HP: 65/69 MP: 7/7
  5592 | D:6      | Noticed gorpus's ghost (novice VSEE)
  5610 | D:6      | Found a deep blue altar of Sif Muna.
  5623 | D:6      | Killed gorpus's ghost
  5872 | D:6      | Found a staircase to the Ecumenical Temple.
  5889 | D:6      | Noticed Edmund
  5902 | D:6      | Killed Edmund
  5927 | Temple   | Entered the Ecumenical Temple
  6201 | D:5      | Reached ** piety under Trog
  6290 | D:6      | Found Ateim's Book Boutique.
  6347 | D:6      | Noticed Duvessa
  6351 | D:6      | Noticed Dowan
  6356 | D:6      | Killed Duvessa
  6373 | D:6      | Killed Dowan
  6472 | D:6      | Reached XP level 9. HP: 67/75 MP: 8/8
  6728 | D:6      | Found a snail-covered altar of Cheibriados.
  7583 | D:7      | Found an ornate altar of the Wu Jian Council.
  7917 | D:8      | Got a smoking flail
  7923 | D:8      | Noticed a two-headed ogre
  7961 | D:8      | Killed a two-headed ogre
  7961 | D:8      | Reached skill level 10 in Axes
  8221 | D:8      | Noticed a seven-headed hydra
  8222 | D:8      | Identified the +8 flail "Pughuef" {drain, rElec rPois MR- Dex+5} (You found it on level 8 of the Dungeon)
  8257 | D:8      | Killed a seven-headed hydra
  8257 | D:8      | Reached XP level 10. HP: 24/88 MP: 9/9
  8708 | D:8      | Reached skill level 1 in Maces & Flails
  8908 | D:8      | Reached *** piety under Trog
  9273 | D:9      | Found a staircase to the Lair.
  9507 | D:9      | Reached skill level 10 in Shields
  9516 | D:9      | Got a faintly glowing spear
  9574 | D:9      | Noticed a two-headed ogre
  9756 | D:9      | Found Loustuic's Gadget Shoppe.
  9943 | D:10     | Entered Level 10 of the Dungeon
 10344 | D:9      | Killed a two-headed ogre
 10580 | D:10     | Reached skill level 5 in Maces & Flails
 11434 | D:11     | Noticed an unseen horror
 11641 | D:10     | Reached skill level 10 in Armour
 11642 | D:10     | Reached XP level 11. HP: 37/97 MP: 10/10
 11888 | D:11     | Killed an unseen horror
 11910 | D:11     | Noticed an unseen horror
 11915 | D:11     | Killed an unseen horror
 11926 | D:11     | Found a staircase to the Orcish Mines.
 12386 | D:11     | Noticed a brown ugly thing
 12404 | D:11     | Killed a brown ugly thing
 12883 | Lair:1   | Entered Level 1 of the Lair of Beasts
 12982 | Lair:1   | Reached skill level 10 in Fighting
 13025 | D:9      | Reached **** piety under Trog
 13758 | Lair:1   | Noticed a five-headed hydra
 13772 | Lair:1   | Killed a five-headed hydra
 13835 | Lair:1   | Reached XP level 12. HP: 108/108 MP: 11/11
 13892 | Lair:1   | Reached skill level 10 in Maces & Flails
 14570 | Lair:2   | Noticed a four-headed hydra
 14583 | Lair:2   | Killed a four-headed hydra
 14870 | Lair:2   | Received a gift from Trog
 16403 | Lair:3   | Found a staircase to the Shoals.
 16823 | Lair:4   | Found a hole to the Spider Nest.
 16858 | Lair:4   | Reached skill level 5 in Dodging
 16949 | Lair:4   | Found a frozen archway.
 16970 | IceCv    | Entered an ice cave
 16992 | IceCv    | Reached ***** piety under Trog
 18045 | IceCv    | Reached XP level 13. HP: 89/118 MP: 12/12
 18392 | IceCv    | Noticed a reaper
 18405 | IceCv    | Killed a reaper
 19249 | Lair:4   | Reached skill level 1 in Evocations
 19521 | Lair:4   | Reached skill level 1 in Long Blades
 19724 | Lair:4   | HP: 1/119 [rime drake/flash freeze (25)]
 19734 | Lair:4   | Killed from afar by a rime drake

Skill      XL: |  1  2  3  4  5  6  7  8  9 10 11 12 13 |
---------------+----------------------------------------+-----
Shields        | 4 5 6 7 9 10 11 | 11.3
Fighting       | 4 5 6 7 9 10 12 | 12.9
Armour         | 4 5 6 7 8 10 11 12 | 12.7
Axes           | 3 5 7 9 11 | 11.0
Dodging        | 1 3 5 6 |  6.2
Maces & Flails | 5 9 12 | 12.4
Evocations     | 2 |  2.2
Long Blades    | 1 |  1.2
Stealth        | |  0.3

Action                   |  1- 3 |  4- 6 |  7- 9 | 10-12 | 13-15 || total
-------------------------+-------+-------+-------+-------+-------++-------
Melee: War axe           |   100 |   125 |   225 |       |       ||   450
       Headbutt          |    14 |    16 |    48 |   152 |    43 ||   273
       Flail             |       |       |     6 |   579 |   159 ||   744
       Demon blade       |       |       |       |       |    12 ||    12
Invok: Burn Spellbooks   |       |       |       |     2 |       ||     2
  Use: Scroll            |       |     5 |     2 |    12 |     3 ||    22
       Potion            |       |       |     2 |     3 |     1 ||     6
 Stab: Invisible         |       |       |       |     2 |       ||     2
  Eat: Chunk             |     1 |     4 |     7 |    13 |     2 ||    27
       Ration            |       |     2 |     2 |     6 |     1 ||    11
Armor: Scale mail        |    69 |    47 |    91 |   189 |    58 ||   454
       Robe              |       |       |       |       |     1 ||     1
Dodge: Dodged            |    40 |    37 |    77 |   203 |    93 ||   450
Block: Shield            |    73 |    79 |   165 |   412 |   143 ||   872
       Rpst.: Demon blade |       |       |       |       |     1 ||     1
